 Dungeon Crawl Stone Soup version 0.28.0-43-g3370ac3207 (webtiles) character file.

Game seed: 5550490908517609156

201 fknight the Chopper (level 5, 0/47 HPs)
             Began as a Hill Orc Monk on Feb 28, 2022.
             Slain by a kobold brigand
             ... wielding a +0 dagger
              (6 damage)
             ... in a sewer.
             The game lasted 00:08:51 (3335 turns).

fknight the Chopper (Hill Orc Monk)                 Turns: 3335, Time: 00:08:52

Health: 0/47       AC:  9    Str: 16    XL:     5   Next: 79%
Magic:  14/14      EV:  7    Int: 10    God:
Gold:   63         SH:  0    Dex: 13    Spells: 4/4 levels left

rFire   . . .      SeeInvis .   a - +0 hand axe
rCold   . . .      Faith    .   (no shield)
rNeg    . . .      Spirit   .   e - +0 chain mail
rPois   .          Reflect  .   g - +0 helmet
rElec   .          Harm     .   (no cloak)
rCorr   .          Rampage  .   (no gloves)
Will    .....                   (no boots)
Stlth   ..........              c - amulet of the acrobat
HPRegen 0.15/turn               i - ring of magical power
MPRegen 0.14/turn               (no ring)

@: very slow
A: no striking features
a: no special abilities


You were in a sewer.
You visited 1 branch of the dungeon, and saw 3 of its levels.
You also visited: Sewer.

You collected 63 gold pieces.

Inventory:

Hand Weapons
 a - a +0 hand axe (weapon)
 m - a +2 dagger of venom
Missiles
 j - 2 stones
 l - 14 poisoned darts (quivered)
Armour
 b - a +0 robe
 e - a +0 chain mail (worn)
 g - a +0 helmet (worn)
 h - a +0 helmet
Jewellery
 c - an amulet of the acrobat (around neck)
 i - a ring of magical power (left hand)
Scrolls
 k - a scroll of acquirement {unknown}
 n - a scroll of enchant weapon {unknown}
Potions
 d - a potion of degeneration {unknown}
 f - a potion of brilliance


   Skills:
 + Level 4.8 Fighting
 + Level 5.3 Axes
 + Level 3.3 Dodging
 + Level 2.9 Stealth


You had 4 spell levels left.
You didn't know any spells.
Your spell library contained the following spells:

 Spells                   Type           Power      Damage    Failure   Level
 Summon Small Mammal      Summ           0%         N/A       100%        1
 Call Canine Familiar     Summ           0%         N/A       100%        3
 Summon Guardian Golem    Hex/Summ       0%         N/A       100%        3


Dungeon Overview and Level Annotations

Branches:
Dungeon (3/15)              Sewer (1/1)

Altars:

Shops:
D:2 [


Message History

The kobold brigand hits you with a +0 dagger.
Your unstable footing causes you to fumble your attack.
The kobold brigand hits you but does no damage.
You closely miss the kobold brigand. Your punch misses the kobold brigand.
The kobold brigand hits you with a +0 dagger.
Your unstable footing causes you to fumble your attack.
The kobold brigand hits you with a +0 dagger.
You hit the kobold brigand.
The kobold brigand is lightly wounded.
The kobold brigand hits you with a +0 dagger.
You hit the kobold brigand.
The kobold brigand is moderately wounded.
The kobold brigand closely misses you.
You barely miss the kobold brigand.
The kobold brigand is moderately wounded.
The kobold brigand hits you with a +0 dagger.
You barely miss the kobold brigand.
The kobold brigand is moderately wounded.
The kobold brigand hits you but does no damage.
You hit the kobold brigand.
The kobold brigand is heavily wounded.
The kobold brigand barely misses you.
You hit the kobold brigand.
The kobold brigand is heavily wounded.
The kobold brigand hits you with a +0 dagger!
* * * LOW HITPOINT WARNING * * *
You hit the kobold brigand.
The kobold brigand is severely wounded.
The kobold brigand hits you with a +0 dagger.
* * * LOW HITPOINT WARNING * * *
You closely miss the kobold brigand.
The kobold brigand is severely wounded.
The kobold brigand hits you with a +0 dagger.
* * * LOW HITPOINT WARNING * * *
You hit the kobold brigand but do no damage.
The kobold brigand is severely wounded.
The kobold brigand hits you but does no damage.
Your unstable footing causes you to fumble your attack.
The kobold brigand hits you with a +0 dagger.
You die...

#..≈. ####≈.≈≈≈ #####≈≈
≈≈≈≈≈≈.≈ #######≈≈≈≈≈
≈≈≈≈≈.# ##≈..≈≈≈≈# ≈≈...#
#.≈≈≈≈≈.≈# #####
....≈####.≈≈≈≈.≈@###≈≈w≈.#
....≈.##≈≈.≈####≈Kw≈≈#
≈≈≈.≈.≈≈≈..## #####≈≈≈≈.#
.≈....≈≈≈≈## #####
.∩..≈...≈≈# ...≈.≈≈≈..#
.∩......≈≈# .≈..≈≈..≈.##
####### ≈.....≈.≈≈.##
#####.≈≈≈.#


You could see a kobold brigand and a worm.

Vanquished Creatures
  A kobold brigand (Sewer)
  5 adders
  2 worms (Sewer)
  9 ball pythons
  5 bats
  11 endoplasms
  4 giant cockroaches
  4 goblins
  2 hobgoblins
  8 jackals
  6 kobolds
  6 quokkas
  4 frilled lizards
  A rat (Sewer)
68 creatures vanquished.

Notes
Turn   | Place    | Note
-------+----------+-------------------------------------------
     0 | D:1      | fknight the Hill Orc Monk began the quest for the Orb.
     0 | D:1      | Reached XP level 1. HP: 19/19 MP: 1/1
   368 | D:1      | Reached XP level 2. HP: 27/27 MP: 2/2
   701 | D:1      | Reached XP level 3. HP: 31/33 MP: 3/3
  1386 | D:2      | Found Kainext's Antique Armour Boutique.
  1459 | D:2      | Found a faded altar of an unknown god.
  1728 | D:2      | Reached XP level 4. HP: 19/40 MP: 4/4
  2218 | D:3      | Found a glowing drain.
  2312 | Sewer    | Entered a sewer
  2624 | Sewer    | Noticed a kobold brigand
  2655 | Sewer    | Killed a kobold brigand
  2656 | Sewer    | Reached skill level 5 in Axes
  2656 | Sewer    | Reached XP level 5. HP: 36/47 MP: 5/5
  3309 | Sewer    | Noticed a kobold brigand
  3335 | Sewer    | Slain by a kobold brigand

Illustrated notes

Levels and vault maps discovered:
D:1:      elethiomel_arrival_quiet, layout_basic
D:2:      layout_basic, shapermc_ecumenical_altar_petra, serial_shops, shop,
          nrook_loot_triangle
D:3:      layout_loops_corners, nicolae_ru_awakened_eye, lemuel_round_altar,
          portal_sewer_entry_f, uniq_natasha
Sewer:    sewer_co_tree

Skill      XL: |  1  2  3  4 |
---------------+-------------+-----
Fighting       | 4 |  4.8
Stealth        | 2 |  2.9
Dodging        | 3 |  3.3
Axes           | 5 |  5.3

Action                   |  1- 3 |  4- 6 || total
-------------------------+-------+-------++-------
Melee: Hand axe          |   121 |   164 ||   285
       Punch             |     1 |     3 ||     4
Throw: Stone             |       |     4 ||     4
       Dart              |       |     3 ||     3
  Use: Scroll            |     1 |     2 ||     3
Armor: Chain mail        |    91 |    76 ||   167
       Robe              |     1 |       ||     1
Dodge: Dodged            |   102 |    73 ||   175
